 Dungeon Crawl Stone Soup version bcrawl-1.31 (webtiles) character file.

Game seed: 8552949936008920242

343089 Morbidden the Archer (level 11, -1/126 HPs)
             Began as an Ent Hunter on Apr 7, 2021.
             Was a High Priest of Cheibriados.
             Shot with an arrow by a centaur (5 damage)
             ... while paralysed
             ... on level 10 of the Dungeon.
             The game lasted 00:16:44 (10765 turns).

Morbidden the Archer (Ent Hunter)                  Turns: 10765, Time: 00:16:45

Health: -1/126     AC: 18    Str: 33    XL:     11   Next: 32%
Magic:  0/21       EV:  1    Int: 24    God:    Cheibriados [*****.]
Gold:   815        SH:  0    Dex: 26    Spells: 24/24 levels left

rFire    . . .     SeeInvis .   b - +0 short sword (venom)
rCold    . . .     Gourm    .   (no shield)
rNeg     + + +     Faith    .   (armour unavailable)
rPois    +         Spirit   +   (helmet restricted)
rElec    .         Reflect  .   (no cloak)
rCorr    .         Harm     .   (gloves unavailable)
MR       .....                  (boots unavailable)
Stlth    ++++......             t - amulet of guardian spirit
HPRegen  0.31/turn              (no ring)
MPRegen  0.17/turn              (no ring)

@: paralysed, agile, vulnerable, berserk cooldown, slowed, very slow
A: large, slow actions, passwall, strong branches, negative energy resistance 3,
poison resistance, slow metabolism 1, torment resistance, unbreathing, AC +18
a: Passwall, Bend Time, Temporal Distortion, Slouch, Step From Time, Renounce
Religion


You were on level 10 of the Dungeon.
You worshipped Cheibriados.
Cheibriados was extremely pleased with you.
You were hungry.

You visited 2 branches of the dungeon, and saw 11 of its levels.

You collected 860 gold pieces.
You spent 45 gold pieces at shops.

Inventory:

Hand Weapons
 a - a +3 shortbow
 b - a +0 short sword of venom (weapon)
Missiles
 c - 1570 arrows
 A - 307 javelins (quivered)
 B - 42 poisoned tomahawks
Jewellery
 t - an amulet of guardian spirit (around neck)
 G - an uncursed ring of protection from cold {unknown}
Wands
 f - a wand of enslavement (6)
 p - a wand of flame (29)
 D - a wand of polymorph (4)
Scrolls
 d - a scroll of enchant armour
 i - 11 scrolls of identify
 j - 5 scrolls of remove curse
 y - 3 scrolls of magic mapping
 z - a scroll of immolation
 C - a scroll of teleportation
 E - a scroll of vulnerability
Potions
 g - 2 potions of haste
 h - a potion of flight {unknown}
 l - a potion of ambrosia {unknown}
 n - a potion of invisibility {unknown}
 o - 2 potions of berserk rage
 q - a potion of resistance {unknown}
 s - 2 potions of degeneration
 u - 3 potions of mutation {unknown}
 v - a potion of brilliance {unknown}
 w - a potion of cancellation {unknown}
 x - 2 potions of lignification {unknown}
Comestibles
 e - 17 rations {!d}


   Skills:
 * Level 9.9 Fighting
 + Level 2.4 Short Blades
 + Level 10.4 Bows
 + Level 5.8 Dodging
 + Level 4.1 Stealth
 + Level 0.7 Unarmed Combat
 * Level 7.1 Spellcasting
 * Level 5.9 Invocations


You had 24 spell levels left.
You didn't know any spells.
Your spell library contained the following spells:

 Spells                   Type           Power        Failure   Level  Hunger
 Magic Dart               Conj           #...         7%          1    None
 Searing Ray              Conj           #.......     11%         2    None
 Iskenderun's Mystic Bla  Conj           #.......     22%         3    None
 Fulminant Prism          Conj/Hex       #.........   56%         4    ###....
 Bolt of Draining         Conj/Necr      #.........   89%         5    #####..
 Irradiate                Conj/Tmut      #.........   89%         5    #####..
 Iron Shot                Conj/Erth      #.........   100%        6    ######.
 Poison Arrow             Conj/Pois      #.........   100%        6    ######.
 Orb of Destruction       Conj           #.........   100%        7    #######
 Spellforged Servitor     Conj/Summ      #.........   100%        7    #######


Dungeon Overview and Level Annotations

Branches:
Dungeon (10/12)            Temple (1/1) D:5            Lair (0/6) D:9
    Orc: D:8-11

Altars:
Ashenzari
Cheibriados
Dithmenos
Elyvilon
Fedhas
Gozag
Hepliaklqana
Kikubaaqudgha
Lugonu
Makhleb
Nemelex Xobeh
Okawaru
Qazlal
Ru
Sif Muna
Trog
Uskayaw
Vehumet
Xom
Yredelemnul
Zin
The Shining One

Shops:
D:5 ?%%   D:8 *

Annotations:
D:9 exclusion: oklob plant
D:10 Urug


Innate Abilities, Weirdness & Mutations

You move and act slowly.
You can pass through walls and trees.
Your branches can wield two-handed weapons with a shield.
Your thick bark is tough. (AC +18)
You are too large for most types of armour.
You are immune to negative energy. (rN+++)
Your system is resistant to poisons. (rPois)
You have a slow metabolism.
You are immune to unholy pain and torment.
You can survive without breathing.


Message History

The javelin hits you but does no damage.
Urug throws a javelin.
The javelin closely misses you.
Unknown command.
The door flies open with a bang!
You feel a strong urge to attack something.
Urug throws a javelin.
The javelin hits you!!
* * * LOW HITPOINT WARNING * * *
Your magical contamination has completely faded away.
Unknown command.
Unknown command.
Unknown command.
You are no longer berserk.
You pass out from exhaustion.
You feel yourself slow down.
Your surroundings suddenly seem different.
A centaur comes into view.
The centaur shouts!
The centaur wields a +0 shortbow.
The centaur shoots an arrow.
The arrow hits you.
You die...

#................#........#..
#....#######.....###'####+#..
#....#.....#.................
#....#.....#.................
#....#.....#.................
#....#.##..#...........).....
#########..####c#............
#........'...........÷
#....@...#............
########'#######............
#..................#######..
#...#..............#.....#..
#...#..)...........#.....#÷.
#...#..............#.....'÷.
#...#..............'.....#..
#######..#..............####'##..
#...#....##....######.....#..####


You could see a centaur.

Vanquished Creatures
  A two-headed ogre (D:8)
  A centaur warrior (D:8)
  A tengu warrior (D:8)
  3 centaur skeletons
  4 trolls
  A hippogriff (D:8)
  Sigmund (D:2)
  2 wyverns
  A human (D:8)
  3 hungry ghosts
  A crocodile (D:10)
  5 sky beasts
  A black bear (D:5)
  5 ice beasts
  5 orc warriors
  6 phantoms
  5 centaurs
  5 ogres
  A big kobold (D:8)
  5 bullfrogs
  Blork the orc (D:6)
  3 scorpions
  9 killer bees
  3 howler monkeys
  3 electric eels (D:9)
  3 crimson imps (D:4)
  A quasit (D:9)
  An orc priest (D:10)
  4 hounds
  11 orc wizards
  Natasha (twice) (D:3)
  Terence (D:2)
  2 iguanas
  8 worker ants
  2 hound skeletons
  A worker ant zombie (D:5)
  5 gnolls
  13 adders
  A shadow imp (D:7)
  An adder skeleton (D:4)
  2 adder zombies
  4 worms
  4 dart slugs
  9 leopard geckos
  27 orcs
  2 ball pythons
  4 giant cockroaches
  8 hobgoblins
  8 jackals
  12 kobolds
  3 quokkas
  9 bats
  7 frilled lizards
  A jackal skeleton (D:4)
  11 rats
243 creatures vanquished.

Vanquished Creatures (others)
  2 fungi (D:9)
2 creatures vanquished.

Grand Total: 245 creatures vanquished

Notes
Turn   | Place    | Note
-------+----------+-------------------------------------------
     0 | D:1      | Morbidden the Ent Hunter began the quest for the Orb.
     0 | D:1      | Reached XP level 1. HP: 22/22 MP: 1/1
   148 | D:1      | Reached skill level 4 in Bows
   162 | D:1      | Reached XP level 2. HP: 30/30 MP: 2/2
   713 | D:2      | Reached XP level 3. HP: 39/39 MP: 3/3
   905 | D:2      | Noticed Terence
   907 | D:2      | Killed Terence
   908 | D:2      | Reached XP level 4. HP: 47/47 MP: 4/4
   961 | D:2      | Noticed Sigmund
  1029 | D:2      | Killed Sigmund
  1030 | D:2      | Reached skill level 5 in Bows
  1030 | D:2      | Reached XP level 5. HP: 42/58 MP: 5/5
  1362 | D:2      | Found a faded altar of an unknown god.
  1491 | D:3      | Reached XP level 6. HP: 67/67 MP: 6/6
  1876 | D:3      | Reached skill level 6 in Bows
  1878 | D:3      | Reached skill level 1 in Spellcasting
  2245 | D:3      | Reached XP level 7. HP: 41/77 MP: 3/9
  2453 | D:3      | Noticed Natasha
  2460 | D:3      | Killed Natasha
  3050 | D:3      | Noticed Natasha
  3066 | D:3      | Killed Natasha
  3067 | D:3      | Reached skill level 5 in Fighting
  3265 | D:4      | Reached skill level 1 in Short Blades
  3458 | D:4      | Noticed a troll
  3648 | D:4      | Found a shadowy altar of Dithmenos.
  3724 | D:4      | Reached XP level 8. HP: 81/88 MP: 11/11
  3750 | D:4      | Killed a troll
  3751 | D:4      | Reached skill level 7 in Bows
  4116 | D:5      | Entered Level 5 of the Dungeon
  4410 | D:5      | Found a staircase to the Ecumenical Temple.
  4419 | D:5      | Found Jaumn's Food Shop.
  4436 | Temple   | Entered the Ecumenical Temple
  4736 | Temple   | Became a worshipper of Cheibriados the Contemplative
  4841 | D:5      | Found Oxopnaxa's Magic Scroll Boutique.
  4849 | D:5      | Bought a scroll of magic mapping for 45 gold pieces
  4917 | D:5      | Found Kygeamagg's Food Shoppe.
  5435 | D:6      | Reached XP level 9. HP: 90/99 MP: 15/15
  5442 | D:6      | Reached skill level 1 in Invocations
  5468 | D:6      | Reached skill level 8 in Bows
  5592 | D:6      | Paralysed by fainting for 11 turns
  5616 | D:6      | Reached * piety under Cheibriados
  5665 | D:6      | Found a glowing silver altar of Zin.
  5716 | D:6      | Found a sparkling altar of Nemelex Xobeh.
  5717 | D:6      | Noticed Blork the orc
  5722 | D:6      | Killed Blork the orc
  5752 | D:6      | Found a burning altar of Makhleb.
  6497 | D:7      | Noticed a troll
  6507 | D:7      | Killed a troll
  6695 | D:7      | Reached ** piety under Cheibriados
  6709 | D:7      | Reached skill level 9 in Bows
  7612 | D:8      | Noticed a tengu warrior
  7639 | D:8      | Killed a tengu warrior
  7640 | D:8      | Reached skill level 5 in Spellcasting
  7640 | D:8      | Reached XP level 10. HP: 43/113 MP: 3/17
  7877 | D:8      | Noticed a centaur warrior
  7894 | D:8      | Killed a centaur warrior
  8153 | D:8      | Noticed a two-headed ogre
  8166 | D:8      | Killed a two-headed ogre
  8167 | D:8      | Reached skill level 5 in Invocations
  8524 | D:8      | Reached skill level 5 in Dodging
  8623 | D:8      | Reached *** piety under Cheibriados
  8665 | D:8      | Reached skill level 10 in Bows
  8670 | D:8      | Found Daukkacs's General Store.
  9135 | D:9      | Reached **** piety under Cheibriados
  9198 | D:8      | Reached XP level 11. HP: 91/124 MP: 15/20
 10087 | D:9      | Found a staircase to the Lair.
 10143 | D:9      | Found a blossoming altar of Fedhas.
 10158 | D:9      | Noticed an oklob plant
 10295 | D:10     | Entered Level 10 of the Dungeon
 10420 | D:10     | Reached ***** piety under Cheibriados
 10729 | D:10     | Noticed Urug
 10746 | D:10     | HP: 2/126 [Urug/javelin (20)]
 10760 | D:10     | HP: 3/126 [Urug/javelin (9)]
 10765 | D:10     | Shot with an arrow by a centaur

Skill      XL: |  1  2  3  4  5  6  7  8  9 10 11 |
---------------+----------------------------------+-----
Bows           | 4 5 6 7 9 10 | 10.4
Dodging        | 2 3 4 5 |  5.8
Fighting       | 3 4 5 6 8 9 |  9.9
Spellcasting   | 1 2 4 5 6 7 |  7.1
Stealth        | 2 3 4 |  4.1
Short Blades   | 1 2 |  2.4
Invocations    | 4 5 |  5.9
Unarmed Combat | |  0.7

Action                   |  1- 3 |  4- 6 |  7- 9 | 10-12 || total
-------------------------+-------+-------+-------+-------++-------
Melee: Short sword       |       |    40 |   133 |    63 ||   236
       Unarmed           |       |       |    29 |       ||    29
       Shortbow          |       |       |       |     1 ||     1
 Fire: Shortbow          |    64 |   120 |   312 |   303 ||   799
Throw: Javelin           |       |       |       |     1 ||     1
  Use: Potion            |       |     1 |     4 |     3 ||     8
       Scroll            |       |     1 |     9 |     8 ||    18
 Stab: Sleeping          |       |       |     1 |       ||     1
  Eat: Chunk             |     1 |     9 |    23 |    17 ||    50
       Ration            |       |       |     3 |       ||     3
Armor: Skin              |    11 |    83 |   267 |   179 ||   540
Dodge: Dodged            |     7 |   100 |   209 |   217 ||   533
